 Dungeon Crawl Stone Soup version 0.31-a0-716-gc7603755dd (webtiles) character file.

Game seed: 7457600720481699006

11 Xavori the Cutter (level 2, 0/21 HPs)
             Began as an Octopode Chaos Knight on Sept 10, 2023.
             Was a Plaything of Xom.
             Slain by a quasit (1 damage)
             ... summoned by Xom
             ... on level 1 of the Dungeon.
             The game lasted 00:00:27 (564 turns).

Xavori the Cutter (Octopode Chaos Knight)            Turns: 564, Time: 00:00:28

Health: 0/21       AC: -3    Str: 11      XL:     2   Next: 29%
Magic:  2/2        EV: 13    Int: 14      God:    Xom [....*.]
Gold:   73         SH:  0    Dex:  8 (11) Spells: 1/1 levels left

rFire   . . .        a - +0 short sword (chaos)
rCold   . . .        (no shield)
rNeg    . . .        (helmet restricted)
rPois   .            (no amulet)
rElec   .            (no ring)
rCorr   .            (no ring)
SInv    .            (no ring)
Will    .....        (no ring)
Stlth   ++           (no ring)
HPRegen 0.23/turn    (no ring)
MPRegen 0.08/turn    (no ring)
                     (no ring)

%: no passive effects
@: corroded
A: almost no armour, amphibious, 8 rings, camouflage 1, gelatinous body 1,
(nimble swimmer 1), tentacles
a: Renounce Religion


You were on level 1 of the Dungeon.
You worshipped Xom.
You were a beloved toy of Xom.
You visited 1 branch of the dungeon, and saw 1 of its levels.

You collected 73 gold pieces.

Inventory:

Hand Weapons
 a - a +0 short sword of chaos (weapon)
Jewellery
 d - a +6 ring of dexterity
Talismans
 c - a flux talisman
Scrolls
 b - 2 scrolls of butterflies
 e - a scroll of immolation {unknown}
 f - a scroll of identify {unknown}


   Skills:
 + Level 3.1 Fighting
 + Level 3.4 Short Blades
 + Level 2.4 Dodging
 * Level 0.1 Shapeshifting


You had one spell level left.
You didn't know any spells.
Your spell library was empty.

Dungeon Overview and Level Annotations

Branches:
Dungeon (1/15)

Altars:

Shops:
D:1 (


Innate Abilities, Weirdness & Mutations

You cannot wear most types of armour.
You are amphibious.
You can wear up to eight rings at the same time.
Your skin changes colour to match your surroundings (Stealth+).
Your rubbery body absorbs attacks. (AC +1, EV +1)
((You are camouflaged when in or above water. (Stealth+)))
You have tentacles for arms and can constrict up to eight enemies at once.


Message History

You hit the frilled lizard but do no damage.
Your grab misses the frilled lizard. You squeeze the frilled lizard.
You kill the frilled lizard!
You see here a frilled lizard corpse.
You open the door.
There is an open door here.
You open the door.
Found a stone staircase leading down.
No target in view!
There is an open door here.
f - a scroll labelled ZIUF PECUPI No target in view!
Things that are here:
a +0 whip; 4 stones; a kobold corpse "Time to have some fun!"
You are now a beloved toy of Xom.
The rust devil hits you. The rust devil corrodes you!
There are monsters nearby!
You barely miss the rust devil. You grab the rust devil.
You squeeze the rust devil.
The rust devil is lightly wounded.
You constrict the rust devil, but do no damage.
The quasit closely misses you. The quasit misses you. The quasit claws you.
You feel clumsy.
You hit the rust devil but do no damage.
The rust devil is lightly wounded.
You constrict the rust devil, but do no damage.
The rust devil hits you! The rust devil corrodes you!
The quasit barely misses you. The quasit claws you.
* * * LOW HITPOINT WARNING * * *
You feel clumsy. The quasit claws you.
* * * LOW HITPOINT WARNING * * *
You feel clumsy.
You release your grip on the rust devil.
The quasit bites you.
* * * LOW HITPOINT WARNING * * *
The quasit completely misses you. The quasit claws you.
You die... "I guess I need a new plaything now."

#####.#.# #.#.# #.#
#.# #.# ########.#
.........# ###
#######..###.######
#######.......4.@.#
......)......##5#.#
#######...#####.#.#
#######...# #.#.#
..........#####.#.#
########........#.#
##'########.#
##...## #.# ###
##.....######.####


You could see a rust devil (summoned) and a quasit (summoned).

Vanquished Creatures
  A ball python (D:1)
  An endoplasm (D:1)
  2 goblins (D:1)
  2 hobgoblins (D:1)
  A kobold (D:1)
  A quokka (D:1)
  A frilled lizard (D:1)
9 creatures vanquished.

Notes
Turn   | Place    | Note
-------+----------+-------------------------------------------
     0 | D:1      | Xavori the Octopode Chaos Knight began the quest for the
                  | Orb.
     0 | D:1      | Reached XP level 1. HP: 16/16 MP: 1/1
   147 | D:1      | Found Xaiss's Weapon Emporium.
   268 | D:1      | XOM: divination: magic mapping
   325 | D:1      | Reached XP level 2. HP: 15/21 MP: 2/2
   335 | D:1      | XOM: 7-stop teleportation journey
   560 | D:1      | XOM: summons 2 hostile demons
   561 | D:1      | Noticed a rust devil
   564 | D:1      | HP: 1/21 [quasit[Xom] (3)]
   564 | D:1      | Slain by a quasit

Illustrated notes

Levels and vault maps discovered:
D:1:      kilobyte_arrival_exit_the_forest, layout_loops_corners, serial_shops,
          shop, nrook_mini_backslash, minmay_tetromino_l2

Action                     || total
---------------------------++-------
  Melee: Short sword       ||    26
         Constrict         ||     8
         Tentacles         ||     5
    Use: Scroll            ||     1
   Stab: Sleeping          ||     1
 Armour: Skin              ||    12
  Dodge: Dodged            ||    14

Table legend: (Time is in decaauts)
 A = Elapsed time spent in this place.
 B = Non-inter-level travel time spent in this place.
 C = Inter-level travel time spent in this place.
 D = Time resting spent in this place.
 E = Time spent auto-exploring this place.
 F = Levels seen in this place.
 G = Mean time per level.
                   A        B        C        D        E       F      G
               +--------+--------+--------+--------+--------+-----+--------+
         Total |    560 |    560 |      0 |      0 |    483 |   1 |  560.0 |
       Dungeon |    560 |    560 |      0 |      0 |    483 |   1 |  560.0 |
               +--------+--------+--------+--------+--------+-----+--------+

Top non-repeatable levels by time:
     D:1: 560 daAuts
